 Dungeon Crawl Stone Soup version 0.30-a0-1114-gd936c97349 (webtiles) character file.

Game seed: 10236079010106331048

3745 holysushi the Martial Artist (level 9, -11/65 HPs)
             Began as a Demonspawn Monk on Apr 21, 2023.
             Was a Believer of Wu Jian.
             Mangled by a gnoll sergeant
             ... wielding a +0 glaive
              (23 damage)
             ... in a bailey.
             The game lasted 00:12:40 (7086 turns).

holysushi the Martial Artist (Demonspawn Monk)      Turns: 7086, Time: 00:12:40

Health: -11/65     AC:  3    Str: 12    XL:     9   Next: 93%
Magic:  14/14      EV: 18    Int: 11    God:    Wu Jian [**....]
Gold:   68         SH: 11    Dex: 26    Spells: 13/14 levels left

rFire   + . .      SeeInvis .      - Unarmed
rCold   . . .      Faith    .    E - +0 buckler of Wiaw {Rampage Will+}
rNeg    . . .      Spirit   .    b - +0 robe
rPois   .          Reflect  +    k - +0 helmet
rElec   .          Rampage  +    (no cloak)
rCorr   +                        (no gloves)
Will    +....                    (no boots)
Stlth   +++                      w - amulet of reflection
HPRegen 0.30/turn                z - +6 ring of dexterity
MPRegen 0.14/turn                r - ring "Ehexaw" {rF+ rCorr Slay+3}

@: weakened
A: claws 2, repulsion field 1, demonic magic 1
a: Renounce Religion, Wall Jump


You were in a bailey.
You worshipped Wu Jian.
Wu Jian was pleased with you.
You visited 2 branches of the dungeon, and saw 9 of its levels.
You also visited: Ossuary and Bailey.

You collected 270 gold pieces.
You spent 202 gold pieces at shops.

Inventory:

Hand Weapons
 a - a +0 heavy short sword
 h - a +2 dagger of venom
Missiles
 J - 2 throwing nets (quivered)
Armour
 b - a +0 robe (worn)
 d - an orb of light
 k - a +0 helmet (worn)
 n - an orb of guile
 E - the +0 buckler of Wiaw (worn) {Rampage Will+}
   (You acquired it on level 7 of the Dungeon)

   Rampage:   It bestows one free step when moving towards enemies.
   Will:      It increases your willpower.
Jewellery
 e - a ring of fire
 r - the ring "Ehexaw" (right claw) {rF+ rCorr Slay+3}
   (You acquired it in an ossuary)

   [ring of resist corrosion]

   Slay:      It affects your accuracy & damage with ranged weapons and melee
   (+3).
   rF:        It protects you from fire.
   rCorr:     It protects you from acid and corrosion.
 v - an amulet of the acrobat
 w - an amulet of reflection (around neck)
 z - a +6 ring of dexterity (left claw)
Wands
 x - a wand of flame (18)
Scrolls
 f - 2 scrolls of identify
 j - a scroll of fog
 l - 3 scrolls of blinking
 o - 5 scrolls of teleportation
 s - a scroll of fear
 y - 2 scrolls of enchant armour
 A - 3 scrolls of vulnerability
 C - 3 scrolls of immolation
 G - a scroll of amnesia
 H - 2 scrolls of summoning
Potions
 c - 5 potions of attraction
 g - 3 potions of curing
 i - 2 potions of cancellation
 m - 2 potions of heal wounds
 p - a potion of lignification
 q - a potion of haste
 t - a potion of berserk rage
 u - 2 potions of invisibility
 B - a potion of magic {unknown}
 D - a potion of mutation {unknown}
 F - a potion of flight {unknown}
 I - a potion of resistance {unknown}


   Skills:
 - Level 4.0 Fighting
 - Level 3.2 Short Blades
 - Level 5.0 Dodging
 - Level 2.0 Stealth
 - Level 2.0 Shields
 + Level 10.2 Unarmed Combat
 - Level 3.4 Spellcasting
 - Level 2.1 Fire Magic
 - Level 3.0 Evocations


You had 13 spell levels left.
You knew the following spells:

 Your Spells              Type           Power      Damage    Failure   Level
a - Foxfire               Conj/Fire      16%        2x1d4     22%         1

Your spell library contained the following spells:

 Spells                   Type           Power      Damage    Failure   Level
 Beastly Appendage        Tmut           2%         N/A       32%         1
 Shock                    Conj/Air       4%         1d3       32%         1
 Sting                    Tmut/Pois      4%         1d3       32%         1
 Ensorcelled Hibernation  Hex/Ice        2%         N/A       45%         2
 Passwall                 Tmut/Erth      0%         N/A       45%         2
 Inner Flame              Hex/Fire       4%         N/A       54%         3
 Swiftness                Air            1%         N/A       69%         3
 Airstrike                Air            0%         2d(1-17)  97%         4
 Fireball                 Conj/Fire      2%         3d4       99%         5
 Yara's Violent Unravell  Hex/Tmut       0%         3d3       100%        5
 Plasma Beam              Fire/Air       2%         2x1d13    100%        6
 Starburst                Conj/Fire      2%         6d3       100%        6
 Enfeeble                 Hex            0%         N/A       100%        7


Dungeon Overview and Level Annotations

Branches:
Dungeon (8/15) Zot: 26742  Temple (1/1) D:7 Zot: 5876 Ossuary (visited)
 Bailey (1/1) Zot: 5724
   Lair: D:8-11

Altars:
Ashenzari
Dithmenos
Fedhas
Gozag
Hepliaklqana
Kikubaaqudgha
Makhleb
Nemelex Xobeh
Okawaru
Qazlal
Ru
Sif Muna
Uskayaw
Vehumet
Wu Jian
Xom
Yredelemnul

Shops:
D:7 ?

Annotations:
D:1 1 transporter
D:6 2 transporters, Kyrie's ghost, novice DsHW


Innate Abilities, Weirdness & Mutations

You have very sharp fingernails.
You are surrounded by a mild repulsion field. (EV +2)
Spells you cast may paralyse adjacent enemies.


Message History

The gnoll bouda hits you with a +0 spear!
You spin and attack the gnoll bouda.
You scratch the gnoll bouda.
The gnoll bouda is almost dead.
You block the gnoll sergeant's attack. You block the gnoll bouda's attack.
Things that are here:
a +0 spear; a +0 scale mail; a gnoll corpse You rampage towards the gnoll sergeant!
You scratch the gnoll sergeant.
The gnoll sergeant is lightly wounded.
The gnoll sergeant hits you with a +0 glaive!
You block the gnoll bouda's attack.
You spin and attack the gnoll bouda.
You scratch the gnoll bouda but do no damage.
The gnoll bouda is almost dead.
The gnoll sergeant barely misses you.
The gnoll bouda gazes fiercely through you!
You feel as though you will be weak longer.
You block the gnoll bouda's attack.
Things that are here:
a +0 spear; a +0 scale mail; a gnoll corpse You spin and attack the gnoll bouda.
You claw the gnoll bouda!
You kill the gnoll bouda!
The Council accepts your kill.
You swing at nothing.
You block the gnoll sergeant's attack. The gnoll sergeant misses you.
You block the gnoll sergeant's attack.
Things that are here:
a +0 spear; a +0 scale mail; a gnoll corpse You scratch the gnoll sergeant but do no damage.
You block the gnoll sergeant's attack. x2
You scratch the gnoll sergeant but do no damage.
The gnoll sergeant hits you from afar with a +0 glaive!
You block the gnoll sergeant's attack.
You scratch the gnoll sergeant.
The gnoll sergeant is lightly wounded.
The gnoll sergeant hits you from afar with a +0 glaive!
* * * LOW HITPOINT WARNING * * *
The gnoll sergeant misses you.
You scratch the gnoll sergeant but do no damage.
The gnoll sergeant is lightly wounded.
The gnoll sergeant hits you from afar with a +0 glaive!!
You die...

♣≈
#...#.....#
♣≈ ##'##
...8# ♣≈
##...##....#
♣≈
##.....##...#
♣≈
#.......#...#
♣≈
#...8...#...#
#.......#...#
##..)..##...#
##.)@##.)..#
##g##gg..8#
#.g.#.....#
+...'(...##
#...#...##
#...#####
......
.........
≈≈≈≈≈≈≈≈≈≈


You could see 2 gnoll sergeants.

Vanquished Creatures
  A kobold demonologist (D:8)
  Grinder (D:3)
  9 yaks (D:8)
  Menkaure (D:4)
  An ice beast (D:6)
  A black bear (D:6)
  An ogre (D:5)
  A kobold brigand (D:8)
  5 bullfrogs
  A scorpion (D:5)
  2 gnoll sergeants (Bailey)
  A water moccasin zombie (D:3)
  An electric eel (D:7)
  A centaur zombie (Ossuary)
  2 orc priests (D:8)
  4 gnoll boudas
  2 jellies
  3 hounds
  A human zombie (Ossuary)
  Natasha (D:2)
  4 iguanas
  2 sleepcaps (D:8)
  2 orc wizards
  4 mummies (Ossuary)
  Robin (D:2)
  12 gnolls
  8 adders
  3 white imps
  An adder zombie (D:3)
  A dart slug (D:1)
  12 orcs
  5 ball pythons
  8 endoplasms
  5 giant cockroaches
  18 goblins
  6 hobgoblins
  2 quokkas (D:2)
  7 bats
  7 frilled lizards
  A gnoll zombie (Ossuary)
  A goblin skeleton (D:6)
  A goblin zombie (Ossuary)
  4 hobgoblin zombies
  10 kobolds
  2 kobold skeletons (D:6)
  2 kobold zombies
  An orc skeleton (D:6)
  An orc zombie (Ossuary)
  3 rats
174 creatures vanquished.

Vanquished Creatures (others)
  39 foxfires
39 creatures vanquished.

Grand Total: 213 creatures vanquished

Notes
Turn   | Place    | Note
-------+----------+-------------------------------------------
     0 | D:1      | holysushi the Demonspawn Monk began the quest for the Orb.
     0 | D:1      | Reached XP level 1. HP: 18/18 MP: 1/1
   254 | D:1      | Gained mutation: You have sharp fingernails. [demonic
                  | ancestry]
   254 | D:1      | Reached XP level 2. HP: 20/24 MP: 2/2
   399 | D:1      | Reached skill level 1 in Unarmed Combat
   784 | D:2      | Reached XP level 3. HP: 25/29 MP: 3/3
   791 | D:2      | Reached skill level 2 in Unarmed Combat
  1056 | D:2      | Reached XP level 4. HP: 35/35 MP: 4/4
  1360 | D:3      | Noticed Robin
  1364 | D:3      | Noticed Grinder
  1365 | D:3      | Reached skill level 3 in Unarmed Combat
  1367 | D:3      | Noticed Natasha
  1396 | D:2      | Killed Robin
  1593 | D:2      | Killed Natasha
  1808 | D:3      | Killed Grinder
  1809 | D:3      | Reached skill level 5 in Unarmed Combat
  1809 | D:3      | Gained mutation: You are surrounded by a mild repulsion
                  | field. (EV +2) [demonic ancestry]
  1809 | D:3      | Reached XP level 5. HP: 31/41 MP: 5/5
  1809 | D:3      | Gained mutation: Spells you cast may paralyse adjacent
                  | enemies. [demonic ancestry]
  1809 | D:3      | Reached XP level 6. HP: 35/47 MP: 6/6
  1854 | D:3      | Learned a level 1 spell: Foxfire
  2302 | D:3      | Found a basalt altar of Yredelemnul.
  2310 | D:3      | Reached skill level 1 in Spellcasting
  2948 | D:4      | Gained mutation: You have very sharp fingernails. [demonic
                  | ancestry]
  2948 | D:4      | Reached XP level 7. HP: 41/52 MP: 8/10
  3003 | D:4      | Noticed Menkaure
  3009 | D:4      | Killed Menkaure
  3010 | D:4      | Reached skill level 6 in Unarmed Combat
  3010 | D:4      | Reached skill level 1 in Evocations
  3364 | D:5      | Entered Level 5 of the Dungeon
  4679 | D:6      | Reached XP level 8. HP: 58/58 MP: 8/12
  4713 | D:6      | Found a transporter.
  4726 | D:6      | Noticed a cyan ugly thing
  4728 | D:6      | Noticed a brown ugly thing
  4729 | D:6      | Noticed Kyrie's ghost (novice DsHW)
  4824 | D:6      | Found a sand-covered staircase.
  4829 | Ossuary  | Entered an ossuary
  4961 | Ossuary  | Reached skill level 1 in Fire Magic
  5158 | Ossuary  | Identified a scroll of acquirement
  5158 | Ossuary  | Acquired the ring "Ehexaw" {rF+ rCorr Slay+3}
  5191 | D:6      | Found a transporter.
  5194 | D:6      | You fall into a shaft and drop 2 floors!
  5228 | D:8      | Reached skill level 1 in Stealth
  5481 | D:8      | Reached skill level 7 in Unarmed Combat
  5532 | D:8      | Found a blossoming altar of Fedhas.
  5539 | D:8      | Found a shadowy altar of Dithmenos.
  5833 | D:8      | Noticed a kobold demonologist
  5841 | D:8      | Noticed an ice devil
  5842 | D:8      | Killed a kobold demonologist
  5843 | D:8      | Reached skill level 5 in Dodging
  5843 | D:8      | Reached XP level 9. HP: 46/65 MP: 14/14
  6093 | D:8      | Reached skill level 8 in Unarmed Combat
  6115 | D:8      | Reached skill level 9 in Unarmed Combat
  6410 | D:8      | Got The Basics of Spellweaving
  6438 | D:7      | Acquired the +0 buckler of Wiaw {Rampage Will+}
  6459 | D:7      | Found Dupusky's Magic Scroll Emporium.
  6467 | D:7      | Bought a scroll of blinking for 112 gold pieces
  6467 | D:7      | Bought a scroll of teleportation for 45 gold pieces
  6467 | D:7      | Bought a scroll of teleportation for 45 gold pieces
  6522 | D:7      | Found a staircase to the Ecumenical Temple.
  6534 | Temple   | Entered the Ecumenical Temple
  6646 | Temple   | Became a worshipper of the Wu Jian Council
  6646 | Temple   | Reached * piety under Wu Jian
  6646 | Temple   | Reached ** piety under Wu Jian
  6725 | D:7      | Found an opulent altar of Gozag.
  6750 | D:7      | Reached skill level 1 in Shields
  6799 | D:7      | Found a flagged portal.
  6808 | Bailey   | Entered a bailey
  6814 | Bailey   | Reached skill level 10 in Unarmed Combat
  7086 | Bailey   | Mangled by a gnoll sergeant

Illustrated notes

Levels and vault maps discovered:
D:1:      spicycebolla_arrival_transporter_tutorial, layout_basic,
          dreamdust_mushroom_princess, minmay_heptomino_h4
D:2:      layout_rooms, minmay_misc_feat_diagonals,
          chequers_serial_rivers_micro_d
D:3:      layout_rooms, lemuel_zombie_altar_yredelemnul, elyvilon_altar_5,
          uniq_natasha, uniq_robin, uniq_grinder
D:4:      layout_cave_pools, uniq_menkaure
D:5:      layout_basic, marbit_many_paths
D:6:      layout_cave_pools, overflow_temple_1_default,
          nicolae_tso_besieged_by_evil, nicolae_ossuary_entry_false_entrances,
          gammafunk_ghost_abyssal_escape, uniq_crazy_yiuf_cottage
D:7:      layout_basic, chei_slow_surprise, mainiacjoe_overflow_alcove_2,
          temple_fountains, enter_bailey_2, serial_shops, shop, minivault_19,
          nicolae_lava_and_water, grunt_decor_mini_mirrors
D:8:      layout_loops_corners, mainiacjoe_overflow_big_doors, minivault_14,
          minmay_circle_x
Temple:   hellmonk_temple_forest_ring
Bailey:   bailey_polearm_gnolls_kennysheep, bailey

Skill      XL: |  1  2  3  4  5  6  7  8  9 |
---------------+----------------------------+-----
Short Blades   | 3 |  3.2
Unarmed Combat | 1 2 5 6 7 10 | 10.2
Spellcasting   | 2 3 |  3.4
Evocations     | 2 3 |  3.0
Dodging        | 3 5 |  5.0
Fire Magic     | 2 |  2.1
Stealth        | 2 |  2.0
Fighting       | 4 |  4.0
Shields        | 2 |  2.0

Action                     |  1- 3 |  4- 6 |  7- 9 || total
---------------------------+-------+-------+-------++-------
  Melee: Short sword       |    57 |       |       ||    57
         Dagger            |    52 |   131 |       ||   183
         Unarmed           |    12 |       |   336 ||   348
   Cast: Foxfire           |       |       |    25 ||    25
Ability: Whirlwind         |       |       |    55 ||    55
         Wall Jump         |       |       |     1 ||     1
  Evoke: Wand              |       |       |     5 ||     5
    Use: Potion            |     2 |       |     2 ||     4
         Scroll            |       |       |    21 ||    21
   Stab: Paralysed         |       |       |    12 ||    12
         Sleeping          |       |       |     1 ||     1
 Armour: Robe              |    16 |    22 |    13 ||    51
  Dodge: Dodged            |    73 |    84 |   211 ||   368
  Block: Orb               |       |     1 |    54 ||    55
         Buckler           |       |       |    56 ||    56

Table legend: (Time is in decaauts)
 A = Elapsed time spent in this place.
 B = Non-inter-level travel time spent in this place.
 C = Inter-level travel time spent in this place.
 D = Time resting spent in this place.
 E = Time spent auto-exploring this place.
 F = Levels seen in this place.
 G = Mean time per level.
                   A        B        C        D        E       F      G
               +--------+--------+--------+--------+--------+-----+--------+
         Total |   7019 |   6923 |     96 |   1754 |   3247 |  11 |  638.1 |
       Dungeon |   6268 |   6172 |     96 |   1583 |   2978 |   8 |  783.5 |
        Temple |    123 |    123 |      0 |      0 |     86 |   1 |  123.0 |
       Ossuary |    353 |    353 |      0 |     56 |    134 |   1 |  353.0 |
        Bailey |    274 |    274 |      0 |    115 |     49 |   1 |  274.0 |
               +--------+--------+--------+--------+--------+-----+--------+

Top non-repeatable levels by time:
     D:8: 1214 daAuts
     D:4: 1114 daAuts
     D:5: 942 daAuts
     D:2: 921 daAuts
     D:3: 887 daAuts
     D:1: 766 daAuts
 Ossuary: 353 daAuts
  Bailey: 274 daAuts
     D:7: 257 daAuts
     D:6: 163 daAuts
  Temple: 123 daAuts
